 Dungeon Crawl Stone Soup version 0.30-a0-40-gc6d0f036a7 (webtiles) character file.

Game seed: 14480879774569436043

550 ytrimaz the Insei (level 7, -1/43 HPs)
             Began as an Octopode Transmuter on Aug 29, 2022.
             Was a Believer of Jiyva.
             Killed by divine providence
             ... invoked by an orc priest
              (15 damage)
             ... on level 5 of the Dungeon.
             The game lasted 00:05:10 (5086 turns).

ytrimaz the Insei (Octopode Transmuter)             Turns: 5086, Time: 00:05:10

Health: -1/43      AC:  2    Str: 10    XL:     7   Next: 29%
Magic:  12/12      EV: 19    Int: 17    God:    Jiyva [**....]
Gold:   219        SH:  0    Dex: 17    Spells: 3/13 levels left

rFire   . . .      SeeInvis +      - Unarmed
rCold   . . .      Faith    .    (shield currently unavailable)
rNeg    . . .      Spirit   .    (helmet currently unavailable)
rPois   x          Reflect  .    (no amulet)
rElec   .          Harm     .    d - ring of see invisible
rCorr   +          Rampage  .    (no ring)
Will    .....                    (no ring)
Stlth   ++........               (no ring)
HPRegen 1.10/turn                (no ring)
MPRegen 0.43/turn                (no ring)
                                 (no ring)
                                 (no ring)

@: spider-form (expiring)
A: venomous fangs, almost no armour, (amphibious), 8 rings, tiny, (camouflage
1), (gelatinous body 1), (nimble swimmer 1), (tentacles)
a: End Transformation, Renounce Religion


You were on level 5 of the Dungeon.
You worshipped Jiyva.
Jiyva was pleased with you.
You were a venomous arachnid creature.
You visited 1 branch of the dungeon, and saw 5 of its levels.
You also visited: Sewer.

You collected 219 gold pieces.

Inventory:

Jewellery
 d - a ring of see invisible (left front leg)
Scrolls
 e - a scroll of enchant armour
 k - a scroll of poison
Potions
 a - 2 potions of lignification
 b - a potion of mutation {unknown}
 c - 2 potions of might {unknown}
 g - 2 potions of ambrosia {unknown}
 h - a potion of resistance {unknown}
 i - 3 potions of curing
 m - a potion of experience {unknown}


   Skills:
 - Level 1.0 Fighting
 - Level 2.0 Dodging
 - Level 4.1 Unarmed Combat
 + Level 3.9 Spellcasting
 + Level 4.1 Transmutations
 * Level 2.5 Ice Magic
 - Level 4.0 Poison Magic


You had 3 spell levels left.
You knew the following spells:

 Your Spells              Type           Power      Damage    Failure   Level
a - Beastly Appendage     Tmut           34%        N/A       11%         1
b - Wereblood             Tmut           17%        N/A       13%         2
c - Spider Form           Tmut/Pois      17%        N/A       22%         3
d - Ice Form              Ice/Tmut       14%        N/A       61%         4

Your spell library contained the following spells:

 Spells                   Type           Power      Damage    Failure   Level


Dungeon Overview and Level Annotations

Branches:
Dungeon (5/15)             Temple (0/1) D:4           Sewer (visited)

Altars:
Hepliaklqana
Nemelex Xobeh
Uskayaw
The Shining One

Shops:
D:4 (   D:5 *


Innate Abilities, Weirdness & Mutations

You are a venomous arachnid creature.
You have poisonous fangs.
You are tiny and dextrous.
Your spellcasting is less reliable in this form.
Your armour is entirely melded.
You are incapable of wielding weapons or throwing items.
You cannot wear most types of armour.
((You are amphibious.))
You can wear up to eight rings at the same time.
((Your skin changes colour to match your surroundings (Stealth+).))
((Your rubbery body absorbs attacks. (AC +1, EV +1)))
((You are camouflaged when in or above water. (Stealth+)))
((You have tentacles for arms and can constrict up to eight enemies at once.))


Message History

The orc priest barely misses your butterfly.
The orc hits you with a +0 dagger.
The orc warrior barely misses your butterfly.
The orc warrior misses your butterfly.
You swap places.
The orc barely misses your butterfly.
Unknown command.
You swap places.
Your transformation is almost over.
The orc priest closely misses your butterfly.
The orc hits your butterfly with a +0 dagger.
Your butterfly dies!
Your butterfly disappears in a burst of colours!
You hit the gnoll.
The gnoll is poisoned.
The gnoll is moderately wounded.
You hit the gnoll but do no damage.
The gnoll looks as sick as possible!
The gnoll is moderately wounded.
The gnoll hits you with a +0 whip!
* * * LOW HITPOINT WARNING * * *
The orc hits your butterfly with a +0 dagger.
Your butterfly dies!
Your butterfly disappears in a burst of colours!
You barely miss the gnoll.
The gnoll is moderately wounded.
The gnoll closely misses you. The orc misses your butterfly.
The orc priest casts a cantrip, but nothing happens.
You hit the gnoll.
The gnoll looks as sick as possible!
The gnoll is severely wounded.
The orc warrior misses your butterfly.
The orc warrior hits your butterfly with a +0 hand axe.
Your butterfly dies!
Your butterfly disappears in a burst of colours!
The orc closely misses your butterfly. The gnoll misses you.
The orc barely misses you. The orc barely misses your butterfly.
The orc priest looks encouraged for a moment.
You hit the gnoll.
You kill the gnoll!
The orc barely misses your butterfly.
The orc priest calls down the wrath of Beogh upon you.
Beogh smites you!
You die...

.......o..#####...
.................
................
#......##.......
#b###..##.......
#..##........†.#
##bo.)b.......†..
#######oo.o..##......##
#....)s.###b.##........
...#######
#..........##
........#####
###....#.#####
#...#....#...
##...##...#.## ...###
#...... ......###...##
...........###


You could see an orc warrior (poisoned), an orc priest (poisoned, ally target)
and 2 orcs.

Vanquished Creatures
  A phantom (D:5)
  A scorpion (D:4)
  A jelly (Sewer)
  Jessica (D:2)
  An orc wizard (D:5)
  3 iguanas (D:4)
  Robin (D:4)
  A gnoll (D:5)
  11 adders
  2 river rats
  An ufetubus (D:4)
  2 worms
  2 dart slugs
  An orc (D:3)
  9 endoplasms
  8 giant cockroaches
  8 hobgoblins
  9 jackals
  8 kobolds
  5 quokkas
  12 ball pythons
  5 bats
  2 frilled lizards
  12 goblins
  12 rats
119 creatures vanquished.

Vanquished Creatures (others)
  A jelly (D:5)
  2 adders (D:3)
  A dart slug (D:3)
  An orc (D:3)
  A giant cockroach (D:3)
  A goblin (D:4)
  2 hobgoblins (D:3)
  3 jackals
  2 ball pythons
  A bat (D:3)
  A rat (D:3)
  11 plants (D:4)
27 creatures vanquished.

Grand Total: 146 creatures vanquished

Notes
Turn   | Place    | Note
-------+----------+-------------------------------------------
     0 | D:1      | ytrimaz the Octopode Transmuter began the quest for the
                  | Orb.
     0 | D:1      | Reached XP level 1. HP: 13/13 MP: 3/3
   303 | D:1      | Reached XP level 2. HP: 18/18 MP: 5/5
  1054 | D:1      | Reached XP level 3. HP: 23/23 MP: 6/6
  1097 | D:1      | Learned a level 2 spell: Wereblood
  1101 | D:1      | Learned a level 3 spell: Spider Form
  1475 | D:2      | Reached skill level 1 in Poison Magic
  1819 | D:2      | Reached XP level 4. HP: 28/28 MP: 5/7
  1988 | D:2      | Noticed Jessica
  1993 | D:2      | Killed Jessica
  2284 | D:3      | Found a faded altar of an unknown god.
  2509 | D:3      | Reached XP level 5. HP: 23/33 MP: 3/8
  2525 | D:3      | Found a glowing drain.
  2535 | Sewer    | Entered a sewer
  3239 | Sewer    | Found a viscous altar of Jiyva.
  3279 | Sewer    | Became a worshipper of Jiyva Jihukahy the Shapeless
  3680 | D:3      | Reached XP level 6. HP: 28/38 MP: 10/10
  3950 | D:3      | Found a sparkling altar of Nemelex Xobeh.
  4004 | D:3      | Reached * piety under Jiyva
  4120 | D:4      | Learned a level 4 spell: Ice Form
  4150 | D:4      | Found a staircase to the Ecumenical Temple.
  4342 | D:4      | Found Rill's Weapon Boutique.
  4353 | D:4      | Found a glowing golden altar of the Shining One.
  4411 | D:4      | Reached ** piety under Jiyva
  4444 | D:4      | Noticed Robin
  4475 | D:4      | Killed Robin
  4478 | D:4      | Reached skill level 1 in Ice Magic
  4561 | D:4      | Found a hazy altar of Hepliaklqana.
  4797 | D:4      | Reached XP level 7. HP: 38/43 MP: 12/12
  4918 | D:4      | Found a hide-covered altar of Uskayaw.
  4975 | D:5      | Entered Level 5 of the Dungeon
  5051 | D:5      | Found Zeply's General Store.
  5086 | D:5      | Killed from afar by an orc priest

Illustrated notes

Levels and vault maps discovered:
D:1:      tarquinn_simple_flora_water_f, layout_loops_ring,
          corexii_item_surrounded_by_moat, minmay_pentomino_p4
D:2:      layout_loops_ring, minmay_misc_feat_room, uniq_jessica
D:3:      layout_rooms, nemelex_xobeh_ov_fountains_minmay, portal_sewer_entry_b,
          ebering_ecumenical_altar_abandoned
D:4:      layout_loops_corners, nicolae_hepliaklqana_hazy_memory,
          nicolae_uskayaw_suspiria, old_standard_altar,
          minmay_temple_entry_water_ring, serial_shops, nicolae_take_the_stairs,
          uniq_robin
D:5:      layout_rooms, serial_shops, nicolae_square_shop

Skill      XL: |  1  2  3  4  5  6  7 |
---------------+----------------------+-----
Unarmed Combat | 4 |  4.1
Poison Magic   | 1 2 4 |  4.0
Transmutations | 3 4 |  4.1
Spellcasting   | 3 |  3.9
Ice Magic      | 1 2 |  2.5
Fighting       | |  1.0
Dodging        | |  2.0

Action                   |  1- 3 |  4- 6 |  7- 9 || total
-------------------------+-------+-------+-------++-------
Melee: Unarmed           |    65 |   176 |    43 ||   284
       Constrict         |    15 |    19 |       ||    34
       Tentacles         |    13 |    10 |       ||    23
       Kick              |    11 |    17 |       ||    28
       Punch             |     5 |       |       ||     5
 Cast: Beastly Appendage |    20 |    19 |       ||    39
       Spider Form       |       |    14 |     4 ||    18
       Wereblood         |       |     2 |       ||     2
  Use: Scroll            |     5 |     5 |     1 ||    11
       Potion            |       |     1 |       ||     1
 Stab: Sleeping          |     6 |     6 |       ||    12
Armor: Skin              |     6 |    49 |     4 ||    59
Dodge: Dodged            |    45 |   166 |    59 ||   270

Table legend: (Time is in decaauts)
 A = Elapsed time spent in this place.
 B = Non-inter-level travel time spent in this place.
 C = Inter-level travel time spent in this place.
 D = Time resting spent in this place.
 E = Time spent auto-exploring this place.
 F = Levels seen in this place.
 G = Mean time per level.
                   A        B        C        D        E       F      G
               +--------+--------+--------+--------+--------+-----+--------+
         Total |   5076 |   5020 |     56 |    182 |   3935 |   6 |  846.0 |
       Dungeon |   4030 |   3974 |     56 |    182 |   3047 |   5 |  806.0 |
         Sewer |   1045 |   1045 |      0 |      0 |    888 |   1 | 1045.0 |
               +--------+--------+--------+--------+--------+-----+--------+

Top non-repeatable levels by time:
     D:2: 1357 daAuts
     D:1: 1114 daAuts
   Sewer: 1045 daAuts
     D:4: 866 daAuts
     D:3: 584 daAuts
     D:5: 107 daAuts
